 Dungeon Crawl Stone Soup version 0.28.0 (webtiles) character file.

Game seed: 4416685368303373370

851 Morbidden the Slasher (level 8, -2/42 HPs)
             Began as a Vine Stalker Fighter on Feb 14, 2022.
             Slain by Duvessa (6 damage)
             ... on level 4 of the Dungeon.
             The game lasted 00:04:16 (3696 turns).

Morbidden the Slasher (Vine Stalker Fighter)        Turns: 3696, Time: 00:04:17

Health: -2/42      AC: 10    Str: 21    XL:     8   Next: 1%
Magic:  0/13       EV:  9    Int:  6    God:
Gold:   166        SH:  5    Dex: 14    Spells: 13/13 levels left

rFire   . . .      SeeInvis .   a - +0 long sword
rCold   . . .      Faith    .   c - +0 buckler
rNeg    . . .      Spirit   +   b - +0 scale mail
rPois   .          Reflect  .   (no helmet)
rElec   .          Harm     .   o - +0 cloak
rCorr   .          Rampage  .   q - +0 pair of gloves
Will    +....                   s - +0 pair of boots
Stlth   ..........              (no amulet)
HPRegen 0.94/turn               (no ring)
MPRegen 0.13/turn               (no ring)

@: no status effects
A: fangs 3, regeneration 1, magic shield, antimagic bite, no potion heal 2,
dopey 1
a: no special abilities


You were on level 4 of the Dungeon.
You visited 1 branch of the dungeon, and saw 4 of its levels.

You collected 166 gold pieces.

Inventory:

Hand Weapons
 a - a +0 long sword (weapon)
Missiles
 k - 4 poisoned darts (quivered)
Armour
 b - a +0 scale mail (worn)
 c - a +0 buckler (worn)
 o - a +0 cloak (worn)
 q - a +0 pair of gloves (worn)
 s - a +0 pair of boots (worn)
Jewellery
 l - a ring of resist corrosion
 m - a ring of ice
 r - a ring of ice
Wands
 n - a wand of flame (10)
 u - a wand of iceblast (5)
Scrolls
 e - a scroll of silence {unknown}
 g - 7 scrolls of identify
 h - 2 scrolls of fear {unknown}
 i - a scroll of enchant weapon {unknown}
 j - a scroll of magic mapping {unknown}
 p - a scroll of holy word
 x - a scroll of vulnerability {unknown}
Potions
 t - a potion of berserk rage {unknown}
 v - a potion of curing
 w - a potion of degeneration {unknown}


   Skills:
 * Level 4.2 Fighting
 + Level 5.0 Long Blades
 + Level 0.4 Throwing
 + Level 3.8 Armour
 + Level 0.7 Dodging
 + Level 3.5 Shields
 * Level 3.3 Spellcasting


You had 13 spell levels left.
You didn't know any spells.
Your spell library contained the following spells:

 Spells                   Type           Power      Damage    Failure   Level
 Foxfire                  Conj/Fire      0%         2x1d4     78%         1
 Conjure Flame            Conj/Fire      0%         6-21      98%         3
 Inner Flame              Hex/Fire       0%         N/A       98%         3
 Flame Wave               Conj/Fire      0%         2d4       100%        4


Dungeon Overview and Level Annotations

Branches:
Dungeon (4/15)
 Temple: D:4-7

Altars:
Nemelex Xobeh

Annotations:
D:4 Dowan, Duvessa


Innate Abilities, Weirdness & Mutations

You have razor-sharp teeth.
Your natural rate of healing is unusually fast.
When hurt, damage is shared between your health and your magic reserves.
Your bite disrupts and absorbs the magic of your enemies.
Potions cannot restore your health.
You are dopey. (Int -2)


Message History

You hit Duvessa.
Duvessa is lightly wounded.
Duvessa hits you with a +0 rapier! Dowan hits you but does no damage.
You barely miss Duvessa.
Duvessa is lightly wounded.
Duvessa closely misses you. Dowan hits you but does no damage. x2
Duvessa hits you with a +0 rapier!
Dowan points at Duvessa and mumbles some strange words.
Duvessa seems to speed up.
Duvessa hits you with a +0 rapier.
* * * LOW HITPOINT WARNING * * *
Duvessa says, "Where magic fails, the sword succeeds!"
Duvessa hits you with a +0 rapier. Duvessa hits you with a +0 rapier.
* * * LOW HITPOINT WARNING * * *
Dowan casts a spell.
Dowan blinks!
Duvessa barely misses you.
It was a potion of mutation.
You feel extremely strange.
You feel a strange attunement to the structure of the dungeons.
You feel stupid.
You feel slightly disoriented. Duvessa closely misses you.
Unknown command.
Unknown command.
You closely miss Duvessa. You bite Duvessa, but do no damage.
Duvessa is lightly wounded.
Duvessa hits you with a +0 rapier.
* * * LOW HITPOINT WARNING * * *
Duvessa hits you with a +0 rapier.
* * * LOW HITPOINT WARNING * * *
Unknown command.
You hit Duvessa.
Duvessa is moderately wounded.
Duvessa hits you with a +0 rapier!
* * * LOW HITPOINT WARNING * * *
You block Duvessa's attack.
Unknown command.
It was a potion of heal wounds.
That seemed strangely inert.
Duvessa hits you with a +0 rapier!
You die...

###..........#..#####.........
...........####...##..........
...........# ###.............
,...........# #............. *
!.........## #..####.......
..........# ##.## ###..#..
*#######...### ##..# #.#### ,
###...###...### ##.# # *
#...e@......## #.## #
##.(.#.....#.###.# #
###..####...##.#..## #...##
##)#######.# ##### #.# ### ###


You could see Duvessa (fast).

Vanquished Creatures
  Grinder (D:3)
  Sigmund (D:3)
  Edmund (D:4)
  An ice beast (D:3)
  Crazy Yiuf (D:2)
  An iguana (D:3)
  Ijyb (D:3)
  Natasha (thrice) (D:3)
  5 adders
  A gnoll (D:1)
  A worm (D:2)
  4 dart slugs
  8 ball pythons
  3 endoplasms
  A giant cockroach (D:3)
  6 hobgoblins
  8 jackals (D:1)
  A quokka (D:1)
  6 bats
  5 frilled lizards
  4 goblins
  9 kobolds
  2 rats
74 creatures vanquished.

Vanquished Creatures (others)
  3 fungi (D:2)
3 creatures vanquished.

Grand Total: 77 creatures vanquished

Notes
Turn   | Place    | Note
-------+----------+-------------------------------------------
     0 | D:1      | Morbidden the Vine Stalker Fighter began the quest for the
                  | Orb.
     0 | D:1      | Reached XP level 1. HP: 11/11 MP: 2/2
    88 | D:1      | Reached XP level 2. HP: 15/16 MP: 1/3
   233 | D:1      | Reached skill level 2 in Long Blades
   458 | D:1      | Found a faded altar of an unknown god.
   476 | D:1      | Reached XP level 3. HP: 6/19 MP: 2/4
  1219 | D:2      | Gained mutation: Your natural rate of healing is unusually
                  | fast. [Vine Stalker growth]
  1219 | D:2      | Reached XP level 4. HP: 19/24 MP: 4/6
  1897 | D:2      | Found a runed translucent door.
  1898 | D:2      | Noticed Crazy Yiuf
  1906 | D:2      | Killed Crazy Yiuf
  1907 | D:2      | Reached skill level 3 in Long Blades
  1907 | D:2      | Reached skill level 1 in Spellcasting
  2058 | D:3      | Reached XP level 5. HP: 20/28 MP: 7/7
  2201 | D:3      | Noticed Natasha
  2206 | D:3      | Killed Natasha
  2236 | D:3      | Noticed Sigmund
  2276 | D:3      | Killed Sigmund
  2277 | D:3      | Reached XP level 6. HP: 26/33 MP: 8/10
  2378 | D:3      | Found a faded altar of an unknown god.
  2522 | D:3      | Noticed an ice beast
  2533 | D:3      | Killed an ice beast
  2534 | D:3      | Reached skill level 4 in Long Blades
  2623 | D:3      | Noticed Ijyb
  2632 | D:3      | Killed Ijyb
  2633 | D:3      | Reached XP level 7. HP: 37/37 MP: 9/11
  2710 | D:3      | Noticed Grinder
  2725 | D:3      | Killed Grinder
  3199 | D:4      | Noticed Edmund
  3259 | D:4      | Killed Edmund
  3381 | D:3      | Noticed Natasha
  3381 | D:3      | Found a sparkling altar of Nemelex Xobeh.
  3385 | D:3      | Killed Natasha
  3386 | D:3      | Reached skill level 5 in Long Blades
  3478 | D:3      | Found a faded altar of an unknown god.
  3479 | D:3      | Noticed Natasha
  3483 | D:3      | Killed Natasha
  3484 | D:3      | Gained mutation: You have razor-sharp teeth. [Vine Stalker
                  | growth]
  3484 | D:3      | Reached XP level 8. HP: 42/42 MP: 13/13
  3670 | D:4      | Noticed Duvessa
  3670 | D:4      | Noticed Dowan
  3692 | D:4      | Gained mutation: You passively map a small area around you.
                  | [potion of mutation]
  3692 | D:4      | Gained mutation: You are dopey. (Int -2) [potion of
                  | mutation]
  3692 | D:4      | Lost mutation: You passively map a small area around you.
                  | [potion of mutation]
  3694 | D:4      | HP: 2/42 [Duvessa (5)]
  3696 | D:4      | Slain by Duvessa

Illustrated notes

Levels and vault maps discovered:
D:1:      dpeg_arrival_windows_large_door, layout_rooms,
          chequers_ecumenical_altar_simple, chequers_garden
D:2:      layout_basic, uniq_crazy_yiuf_cottage
D:3:      layout_loops_ring, nicolae_overflow_ecumenical_swirl, st_stairs_7,
          serial_bayou_pond_a, uniq_sigmund, uniq_ijyb, uniq_natasha,
          uniq_grinder
D:4:      layout_layer_cave, uniq_edmund, uniq_duvessa

Skill      XL: |  1  2  3  4  5  6  7 |
---------------+----------------------+-----
Long Blades    | 2 3 4 5 |  5.0
Shields        | 3 |  3.5
Fighting       | 3 4 |  4.2
Spellcasting   | 1 2 3 |  3.3
Armour         | 3 |  3.8
Throwing       | |  0.4
Dodging        | |  0.7

Action                   |  1- 3 |  4- 6 |  7- 9 || total
-------------------------+-------+-------+-------++-------
Melee: Long sword        |    85 |    85 |    67 ||   237
       Bite              |    12 |    23 |    22 ||    57
Throw: Dart              |       |     3 |     4 ||     7
  Use: Potion            |       |     2 |     2 ||     4
       Scroll            |       |     1 |     1 ||     2
Armor: Scale mail        |    53 |    39 |    26 ||   118
Dodge: Dodged            |    60 |    28 |    20 ||   108
Block: Buckler           |    19 |    18 |    19 ||    56
